 Dungeon Crawl Stone Soup version 0.24-a0-416-g56ce5178b7 (webtiles) character file.

Game seed: 14361801565367807604

86 ohad the Insei (level 4, -2/29 HPs)
             Began as an Octopode Transmuter on June 8, 2019.
             Slain by a worm (12 damage)
             ... on level 2 of the Dungeon.
             The game lasted 00:04:44 (2267 turns).

ohad the Insei (Octopode Transmuter)                Turns: 2267, Time: 00:04:45

Health: -2/29      AC:  1    Str:  6    XL:     4   Next: 49%
Magic:  6/7        EV: 12    Int: 16    God:
Gold:   89         SH:  0    Dex: 12    Spells: 1/7 levels left

rFire    . . .     SeeInvis .     - Unarmed
rCold    . . .     Gourm    .   (no shield)
rNeg     . . .     Faith    .   (helmet restricted)
rPois    .         Spirit   .   (no amulet)
rElec    .         Reflect  .   r - -3 ring of strength (curse)
rCorr    .         Harm     .   (no ring)
MR       .....                  (no ring)
Stlth    ++........             (no ring)
HPRegen  0.09/turn              (no ring)
MPRegen  0.10/turn              (no ring)
                                (no ring)
                                (no ring)

@: very slightly contaminated, heavily drained
A: almost no armour, stealthy swim, amphibious, 8 rings, constrict 8, camouflage
1, gelatinous body 1
a: no special abilities


You were on level 2 of the Dungeon.
You were not hungry.

You visited 1 branch of the dungeon, and saw 2 of its levels.

You collected 89 gold pieces.

Inventory:

Hand Weapons
 m - a +1 short sword of holy wrath
 n - a +0 hand axe of venom
Missiles
 a - 30 arrows
 h - 2 javelins (quivered)
Armour
 j - a +0 large shield
Jewellery
 r - a cursed -3 ring of strength (left tentacle)
Scrolls
 b - 2 scrolls of remove curse {unknown}
 d - a scroll of enchant weapon {unknown}
 k - 3 scrolls of teleportation {unknown}
Potions
 e - 2 potions of haste {unknown}
 f - a potion of agility {unknown}
 g - a potion of heal wounds {unknown}
 i - a potion of curing {unknown}
 l - a potion of might {unknown}
 p - a potion of resistance {unknown}
 q - a potion of lignification {unknown}
Comestibles
 c - 3 rations
 o - 6 chunks of flesh


   Skills:
 - Level 2.0(0.4) Fighting
 + Level 2.5(0.9) Dodging
 + Level 4.4(2.7) Unarmed Combat
 - Level 2.0(0.4) Spellcasting
 - Level 2.0(0.4) Transmutations


You had one spell level left.
You knew the following spells:

 Your Spells              Type           Power        Failure   Level  Hunger
a - Beastly Appendage     Tmut           #.....       21%         1    ##.....
b - Sticks to Snakes      Tmut           #.......     30%         2    ###....
c - Spider Form           Tmut/Pois      #.........   56%         3    ####...

Your spell library contained the following spells:

 Spells                   Type           Power        Failure   Level  Hunger
 Ice Form                 Ice/Tmut       #.......     92%         4    #####..
 Blade Hands              Tmut           #.........   99%         5    ######.


Dungeon Overview and Level Annotations

Branches:
Dungeon (2/15)

Altars:

Annotations:
D:2 1 runed translucent door, Crazy Yiuf


Innate Abilities, Weirdness & Mutations

You cannot wear most types of armour.
You are very stealthy in the water. (Stealth+)
You are amphibious.
You can wear up to eight rings at the same time.
You can use your tentacles to constrict eight enemies at once.
Your skin changes colour to match your surroundings (Stealth+).
Your rubbery body absorbs attacks. (AC +1, EV +1)


Message History

You butcher the frilled lizard corpse.
You butcher the giant cockroach corpse.
o - 4 chunks of flesh (gained 1);
o - 6 chunks of flesh (gained 2)
You see here a frilled lizard skeleton.
Unknown command.
You start resting.
A worm comes into view.
A worm is nearby!
You see here a smoky purple potion.
Casting: Beastly Appendage (safe; 21% risk of failure)
Confirm with . or Enter, or press ? or * to list all spells.
You miscast Beastly Appendage.
You are very lightly contaminated with residual magic.
Nothing appears to happen.
The worm bites you.
You barely miss the worm. You grab the worm. You constrict the worm.
You tentacle-slap the worm but do no damage.
The worm is lightly wounded.
You constrict the worm. The worm bites you!
You die...

######......###..####....###..##
.......#....# #....##.....
##........[..# #....##....♣
#......##.#.####.....#....♣
##............##..........♣
....###..................
.##.#.#.###.###....♣.....
#.$.##w..# ##..♣.♣.... ##.#.@#
.# #..♣♣♣♣... #.###!# ..
#..P.P.... #. #.÷# .. ..#.......
.#..##..##.#.######### #.### #.#
.. # .# ..# . .# #


You could see a worm.

Vanquished Creatures
  3 oozes (D:1)
  2 worms (D:2)
  3 dart slugs
  2 leopard geckos
  4 orcs
  4 giant cockroaches (D:2)
  4 goblins
  8 hobgoblins
  6 jackals
  5 bats
  4 frilled lizards
  3 kobolds (D:1)
  4 rats
52 creatures vanquished.

Notes
Turn   | Place    | Note
-------+----------+-------------------------------------------
     0 | D:1      | ohad the Octopode Transmuter began the quest for the Orb.
     0 | D:1      | Reached XP level 1. HP: 13/13 MP: 3/3
   290 | D:1      | Reached XP level 2. HP: 4/18 MP: 5/5
   675 | D:1      | Reached XP level 3. HP: 23/23 MP: 6/6
   962 | D:1      | Reached skill level 4 in Unarmed Combat
  1649 | D:1      | Learned a level 2 spell: Sticks to Snakes
  1653 | D:1      | Learned a level 3 spell: Spider Form
  1673 | D:2      | Reached XP level 4. HP: 29/29 MP: 5/7
  2169 | D:2      | Found a runed translucent door.
  2170 | D:2      | Noticed Crazy Yiuf
  2267 | D:2      | Slain by a worm

Levels and vault maps discovered:
D:1:      sevenhm_arrival_forest_fort_small_4, layout_loops_ring,
          dk_noncrumbling_4
D:2:      layout_rooms, serial_forest, infiniplex_forest_lined_1,
          infiniplex_forest_straight_4, infiniplex_forest_zigzag_1,
          infiniplex_forest_clump_small, infiniplex_forest_lined_corner,
          infiniplex_forest_lined_2, infiniplex_forest_end_1,
          minmay_pentomino_pile, uniq_crazy_yiuf_cottage

Skill      XL: |  1  2  3  4 |
---------------+-------------+-----
Unarmed Combat | 4 |  4.4
Fighting       | 2 |  2.0
Dodging        | |  2.5
Spellcasting   | |  2.0
Transmutations | |  2.0

Action                   |  1- 3 |  4- 6 || total
-------------------------+-------+-------++-------
Melee: Unarmed           |    86 |    45 ||   131
       Constrict         |    22 |    11 ||    33
       Tentacles         |    12 |    10 ||    22
       Kick              |     4 |     4 ||     8
       Punch             |       |     1 ||     1
 Cast: Beastly Appendage |     5 |     3 ||     8
 Stab: Sleeping          |     9 |     2 ||    11
  Eat: Chunk             |     2 |     2 ||     4
Armor: Skin              |     3 |     5 ||     8
Dodge: Dodged            |    59 |    23 ||    82

Table legend:
 A = Non-vault XP
 B = Vault XP
 C = Vault XP percentage of total XP
 D = Non-vault monster count
 E = Vault monster count
 F = Vault count percentage of total count
                 A         B        C        D         E       F
            +---------+---------+-------+---------+---------+-------
      Total |     118 |       5 |   4.1 |      50 |       2 |   3.8
            +---------+---------+-------+---------+---------+-------
        D:1 |      73 |       0 |   0.0 |      30 |       0 |   0.0
        D:2 |      45 |       5 |  10.0 |      20 |       2 |   9.1
            +---------+---------+-------+---------+---------+-------
